 Dungeon Crawl Stone Soup version 0.31-a0-845-g9abc20d24f (webtiles) character file.

Game seed: 3785414842824945663

3599 freelancePsychic the Thaumaturge (level 10, -5/76 HPs)
             Began as a Djinni Cinder Acolyte on Oct 2, 2023.
             Was an Elder of Ignis.
             Killed from afar by a gargoyle (10 damage)
             ... with a stone arrow
             ... on level 8 of the Dungeon.
             The game lasted 00:10:17 (8653 turns).

freelancePsychic the Thaumaturge (DjCA)             Turns: 8653, Time: 00:10:18

Health: -5/76      AC: 13    Str: 13    XL:     10   Next: 32%
Gold:   321        EV: 13    Int: 20    God:    Ignis [****..] SH:  0 Dex:  9

rFire   + + +        k - +5 dagger (elec)
rCold   x . .        (no shield)
rNeg    . . .        c - +0 leather armour
rPois   ∞            m - +2 helmet
rElec   .            (no cloak)
rCorr   .            (no gloves)
SInv    .            (boots unavailable)
Will    ++...        (no amulet) Stlth
                     (no ring)
HPRegen 0.32/turn    (no ring)
MPRegen 0.00/turn

%: infuse magic (-6 HP)
@: brilliant, silenced, fiery-armoured, enlightened, flying
A: sickness immunity, fire resistance 2, cold vulnerability 1, float, innate
caster, HP casting, extra vitality 1
a: Renounce Religion


You were on level 8 of the Dungeon.
You worshipped Ignis.
Ignis was greatly pleased with you.
You visited 1 branch of the dungeon, and saw 8 of its levels.

You collected 321 gold pieces.

Inventory:

Hand Weapons
 k - a +5 dagger of electrocution (weapon)
Armour
 b - a +0 robe
 c - a +0 leather armour (worn)
 m - a +2 helmet (worn)
Magical Staves
 w - a staff of air
Jewellery
 n - a ring of fire
 r - a ring of protection from fire
 x - a +6 ring of intelligence
 C - a ring of positive energy
Wands
 u - a wand of paralysis (19)
Scrolls
 a - a scroll of teleportation {unknown}
 f - 3 scrolls of fog
 g - 2 scrolls of revelation
 h - a scroll of amnesia
 l - 2 scrolls of blinking
 o - a scroll of torment
 t - 2 scrolls of enchant armour
 v - a scroll of poison
 A - a scroll of brand weapon
Potions
 d - a potion of berserk rage {unknown}
 i - a potion of mutation {unknown}
 p - a potion of enlightenment
 q - 2 potions of brilliance
 s - a potion of lignification {unknown}
 z - 2 potions of might {unknown}


   Skills:
 + Level 7.8 Fighting
 - Level 2.6 Long Blades
 + Level 7.1 Dodging
 * Level 8.0 Spellcasting
 * Level 8.0 Conjurations
 * Level 8.0 Hexes
 * Level 8.0 Summonings
 * Level 8.0 Necromancy
 * Level 8.0 Translocations
 * Level 8.0 Transmutations
 * Level 8.0 Fire Magic
 * Level 8.0 Ice Magic
 * Level 8.0 Air Magic
 * Level 8.0 Earth Magic
 * Level 8.0 Poison Magic


You knew the following spells:

 Your Spells              Type           Power      Damage    Failure   Level
a - Magic Dart            Conj           100%       1d8       1%          1
b - Scorch                Fire           100%       2d9       1%          2
c - Static Discharge      Conj/Air       100%       2-7/arc   1%          2
d - Mephitic Cloud        Conj/Pois/Air  57%        N/A       1%          3
e - Ozocubu's Armour      Ice            57%        N/A       1%          3
Your spell library was empty.

Dungeon Overview and Level Annotations

Branches:
Dungeon (8/15)             Temple (0/1) D:6
   Lair: D:8-11

Altars:
Fedhas
Ru
The Shining One

Shops:
D:5 [


Innate Abilities, Weirdness & Mutations

You are immune to sickness and miasma.
You are immune to poison.
Your flesh is very heat resistant. (rF++)
You are vulnerable to cold. (rC-)
You float through the air rather than walking.
You learn spells naturally, not from books.
Your magical power is your life essence.
You have superior vitality. (+4 MHP)


Message History

Flames lash the gnoll sergeant but do no damage.
The gnoll sergeant misses you. The gargoyle barely misses you.
Casting: Scorch (safe; 1% risk of failure)
Confirm with . or Enter, or press ? or * to list all spells.
Flames lash the wight.
The wight is moderately damaged.
The wight's fire resistance burns away.
The gnoll sergeant hits you but does no damage.
The gargoyle hurls a stone arrow at you.
The stone arrow hits you.
As you read the scroll labelled XESAARAMUE, it crumbles to dust.
A profound silence engulfs you.
It was a scroll of silence.
The gnoll sergeant is no longer more vulnerable to fire.
The gnoll sergeant misses you. The gargoyle closely misses you.
You barely miss the gargoyle.
The gargoyle is lightly damaged.
The gnoll sergeant hits you from afar with a +0 spear!
The gargoyle completely misses you.
You hit the gargoyle but do no damage.
The gargoyle is lightly damaged.
The gnoll sergeant misses you.
The gargoyle hurls a stone arrow at you.
The stone arrow misses you.
Okay, then.
Okay, then.
Your icy armour cracks and falls away as you move.
It was a potion of enlightenment.
You feel more buoyant. The gargoyle barely misses you.
It was a potion of brilliance.
You feel clever all of a sudden. The gargoyle closely misses you.
The gargoyle attacks as it pursues you! The gargoyle closely misses you.
The gargoyle hurls a stone arrow at you.
The stone arrow hits you!!
* * * LOW HITPOINT WARNING * * *
Items here: )) [[.
The gargoyle hurls a stone arrow at you.
The stone arrow hits you!
You die...

##.#'###
###.....##...#
.......# ......#...#
.......# .)...g'g.[+
.......# #...#
.......# ##g..#
.......# ##z...#
.......#########
##9.####
.......'.......###..##
.......#######..@).##
.......# #.#####
.......# #.# .......#
#.# .......# #.#
.......# #.#
##############.#
..>............#
################


You could see a gargoyle (unsilenced), a gnoll sergeant and a wight.

Vanquished Creatures
  A two-headed ogre (D:7)
  Prince Ribbit (D:5)
  An ice beast (D:8)
  4 orc warriors
  A black bear (D:6)
  3 ogres
  3 phantoms
  A bullfrog (D:7)
  4 scorpions
  4 wights (D:8)
  5 howler monkeys
  5 hounds
  A jelly (D:6)
  9 orc priests
  A gnoll bouda (D:7)
  7 iguanas
  2 sleepcaps (D:5)
  4 orc wizards
  8 gnolls (D:7)
  13 adders
  4 white imps
  3 worms
  3 dart slugs
  23 orcs
  7 endoplasms
  6 giant cockroaches
  6 goblins
  A hobgoblin (D:2)
  6 quokkas
  4 ball pythons
  7 bats
  3 frilled lizards
  5 kobolds
  9 rats
  A foxfire (D:7)
166 creatures vanquished.

Vanquished Creatures (others)
  27 foxfires (D:7)
27 creatures vanquished.

Grand Total: 193 creatures vanquished

Notes
Turn   | Place    | Note
-------+----------+-------------------------------------------
     0 | D:1      | freelancePsychic the Djinni Cinder Acolyte began the quest
                  | for the Orb.
     0 | D:1      | freelancePsychic set off with the following spells
                  | memorised: Scorch.
     0 | D:1      | Reached XP level 1. HP: 20/20 MP: 0/0
   216 | D:1      | Reached XP level 2. HP: 25/25 MP: 0/0
   867 | D:2      | Reached XP level 3. HP: 25/30 MP: 0/0
   867 | D:2      | Learned a level 1 spell: Magic Dart
   907 | D:2      | Found a glowing golden altar of the Shining One.
   975 | D:2      | Reached XP level 4. HP: 25/35 MP: 0/0
  2024 | D:3      | Reached XP level 5. HP: 37/41 MP: 0/0
  2024 | D:3      | Learned a level 2 spell: Static Discharge
  2686 | D:4      | Reached skill level 1 in Dodging
  2686 | D:4      | Reached XP level 6. HP: 35/47 MP: 0/0
  3067 | D:4      | Reached XP level 7. HP: 29/53 MP: 0/0
  3067 | D:4      | Learned a level 3 spell: Mephitic Cloud
  3299 | D:5      | Entered Level 5 of the Dungeon
  3464 | D:5      | Reached skill level 5 in Fighting
  3614 | D:5      | Reached skill level 5 in Spellcasting
  3614 | D:5      | Reached skill level 5 in Conjurations
  3614 | D:5      | Reached skill level 5 in Hexes
  3614 | D:5      | Reached skill level 5 in Summonings
  3614 | D:5      | Reached skill level 5 in Necromancy
  3614 | D:5      | Reached skill level 5 in Translocations
  3614 | D:5      | Reached skill level 5 in Transmutations
  3614 | D:5      | Reached skill level 5 in Fire Magic
  3614 | D:5      | Reached skill level 5 in Ice Magic
  3614 | D:5      | Reached skill level 5 in Air Magic
  3614 | D:5      | Reached skill level 5 in Earth Magic
  3614 | D:5      | Reached skill level 5 in Poison Magic
  3726 | D:5      | Noticed Prince Ribbit
  3732 | D:5      | Killed Prince Ribbit
  3733 | D:5      | Reached XP level 8. HP: 49/60 MP: 0/0
  4216 | D:5      | Found Assipattle's Dragon-Slaying Spoils.
  4562 | D:6      | Found a staircase to the Ecumenical Temple.
  4874 | D:6      | Reached XP level 9. HP: 60/66 MP: 0/0
  4874 | D:6      | Learned a level 3 spell: Ozocubu's Armour
  5085 | D:6      | Reached skill level 5 in Dodging
  6137 | D:7      | Noticed a two-headed ogre
  6615 | D:7      | Killed a two-headed ogre
  6890 | D:7      | Found a sacrificial altar of Ru.
  7275 | D:7      | Reached XP level 10. HP: 30/75 MP: 0/0
  7950 | D:7      | Found a blossoming altar of Fedhas.
  8632 | D:8      | Noticed a gargoyle
  8653 | D:8      | Killed from afar by a gargoyle

Illustrated notes

Levels and vault maps discovered:
D:1:      kilobyte_arrival_exit_the_forest, layout_loops_ring
D:2:      minmay_chambers_of_twos, layout_loops_ring, basic_altar
D:3:      layout_basic, nrook_campfire
D:4:      layout_rooms
D:5:      layout_loops_ring, grunt_ministairs_13, nicolae_shop_dragon_depot,
          uniq_prince_ribbit1
D:6:      layout_basic, minmay_temple_entry_drinking_statues
D:7:      layout_loops_corners, fedhas_altar_decomposition,
          nicolae_ru_great_annihilating_truth
D:8:      kennysheep_six_static_rooms, layout_basic, serial_shops, shop,
          kennysheep_donut, uniq_joseph

Skill      XL: |  1  2  3  4  5  6  7  8  9 10 |
---------------+-------------------------------+-----
Spellcasting   | 3 4 5 6 7 8 |  8.0
Conjurations   | 3 4 5 6 7 8 |  8.0
Hexes          | 3 4 5 6 7 8 |  8.0
Summonings     | 3 4 5 6 7 8 |  8.0
Necromancy     | 3 4 5 6 7 8 |  8.0
Translocations | 3 4 5 6 7 8 |  8.0
Transmutations | 3 4 5 6 7 8 |  8.0
Fire Magic     | 3 4 5 6 7 8 |  8.0
Ice Magic      | 3 4 5 6 7 8 |  8.0
Air Magic      | 3 4 5 6 7 8 |  8.0
Earth Magic    | 3 4 5 6 7 8 |  8.0
Poison Magic   | 3 4 5 6 7 8 |  8.0
Fighting       | 4 5 6 7 |  7.8
Dodging        | 1 2 3 4 6 7 |  7.1
Long Blades    | |  2.6

Action                     |  1- 3 |  4- 6 |  7- 9 | 10-12 || total
---------------------------+-------+-------+-------+-------++-------
  Melee: Falchion          |    15 |       |       |       ||    15
         Dagger            |       |       |    10 |    21 ||    31
         Punch             |       |       |       |     1 ||     1
   Cast: Scorch            |    23 |    81 |   162 |    59 ||   325
         Static Discharge  |       |     3 |     1 |       ||     4
         Mephitic Cloud    |       |       |    24 |     5 ||    29
         Ozocubu's Armour  |       |       |       |     1 ||     1
 Invoke: Foxfire Swarm     |       |       |     2 |       ||     2
         Fiery Armour      |       |       |       |     1 ||     1
    Use: Scroll            |     2 |     5 |     2 |     3 ||    12
         Potion            |       |       |     1 |     7 ||     8
 Armour: Robe              |     5 |       |       |       ||     5
         Leather armour    |     2 |    13 |    35 |    40 ||    90
  Dodge: Dodged            |    13 |    13 |    50 |    36 ||   112

Table legend: (Time is in decaauts)
 A = Elapsed time spent in this place.
 B = Non-inter-level travel time spent in this place.
 C = Inter-level travel time spent in this place.
 D = Time resting spent in this place.
 E = Time spent auto-exploring this place.
 F = Levels seen in this place.
 G = Mean time per level.
                   A        B        C        D        E       F      G
               +--------+--------+--------+--------+--------+-----+--------+
         Total |   8652 |   8372 |    280 |     57 |   7330 |   8 | 1081.5 |
       Dungeon |   8652 |   8372 |    280 |     57 |   7330 |   8 | 1081.5 |
               +--------+--------+--------+--------+--------+-----+--------+

Top non-repeatable levels by time:
     D:7: 1914 daAuts
     D:6: 1533 daAuts
     D:5: 1262 daAuts
     D:2: 961 daAuts
     D:1: 826 daAuts
     D:3: 786 daAuts
     D:4: 725 daAuts
     D:8: 641 daAuts
